Map: Oxide LE

Players

ShoWTimE - Winner!

  • Race: Protoss Protoss
  • Spawn Location: 7:00

Zest

  • Race: Protoss Protoss
  • Spawn Location: 1:00

Event: TSL 6

VOD

https://www.youtube.com/watch?v=QkL3NtBEXC4&t=12m17s

Description

Time

  • Played on: Dec. 13, 2020, 2:13 p.m.
  • Length: 7:46

All games in this series

Show
View Real Time Build Order
Export as new Build Order

ShoWTimE Protoss - Winner!

Build Orders:  

Get SALT Encoding   

  12  0:00  Probe  
  13  0:12  Probe  
  14  0:19  Pylon  
  14  0:24  Probe  
  15  0:37  Gateway, Probe (Chrono Boost)  
  16  0:46  Assimilator  
  16  0:47  Probe (Chrono Boost)  
  17  0:52  Probe (Chrono Boost)  
  17  0:56  Assimilator  
  18  1:03  Probe (Chrono Boost)  
  19  1:15  Probe (Chrono Boost)  
  19  1:17  Gateway  
  20  1:21  Probe (Chrono Boost)  
  21  1:28  Cybernetics Core  
  21  1:30  Probe  
  22  1:38  Pylon  
  22  1:42  Probe  
  23  2:04  Stalker, Robotics Facility  
  23  2:08  Stalker  
  27  2:11  Warp Gate  
  27  2:17  Pylon  
  27  2:34  Stalker  
  29  2:38  Stalker  
  31  2:49  Immortal (Chrono Boost)  
  35  3:02  Gateway  
  35  3:07  Sentry  
  37  3:20  Warp Prism (Chrono Boost)  
  37  3:27  Pylon  
  39  3:47  Shield Battery  
  39  3:49  Observer  
  40  3:59  Stalker x3  
  46  4:05  Pylon  
  42  4:27  Stalker x2  
  42  4:29  Stalker  
  44  4:51  Stalker x2  
  48  4:54  Stalker  
  48  5:17  Stalker x2  
  48  5:18  Stalker  
  48  5:41  Stalker x2  
  48  5:42  Stalker  
  48  6:06  Stalker x3  
  54  6:13  Pylon  
  54  6:34  Stalker  
  54  6:35  Stalker  
  54  6:37  Stalker  
  60  6:59  Stalker, Pylon  
  58  7:08  Stalker x2  
  52  7:36  Stalker x2  
  52  7:37  Stalker  
Show
View Real Time Build Order
Export as new Build Order

Zest Protoss 

Build Orders: Nexus First 

Get SALT Encoding   

  12  0:00  Probe  
  13  0:12  Probe  
  14  0:17  Pylon  
  14  0:24  Probe (Chrono Boost)  
  15  0:36  Probe (Chrono Boost)  
  16  0:45  Probe (Chrono Boost)  
  17  0:51  Probe  
  18  1:03  Nexus  
  18  1:12  Gateway  
  18  1:15  Probe  
  19  1:24  Assimilator  
  19  1:25  Assimilator  
  19  1:29  Probe  
  20  1:38  Gateway  
  20  1:42  Probe  
  21  1:54  Probe  
  22  2:00  Cybernetics Core  
  22  2:06  Probe  
  23  2:17  Probe  
  23  2:19  Probe  
  25  2:34  Stalker x2 (Chrono Boost)  
  29  2:37  Stargate  
  29  2:44  Shield Battery, Warp Gate  
  29  2:52  Shield Battery  
  29  2:57  Stalker  
  31  3:02  Zealot  
  33  3:10  Pylon  
  33  3:12  Void Ray (Chrono Boost)  
  37  3:30  Shield Battery  
  37  3:47  Shield Battery  
  37  3:49  Shield Battery  
  37  3:50  Zealot  
  43  4:00  Pylon  
  43  4:02  Void Ray (Chrono Boost)  
  37  4:21  Pylon  
  37  4:28  Pylon  
  35  4:32  Stalker  
  35  4:33  Void Ray (Chrono Boost)  
  35  4:36  Pylon  
  39  4:47  Pylon  
  39  4:50  Shield Battery  
  39  4:53  Zealot  
  41  5:03  Void Ray (Chrono Boost)  
  43  5:19  Shield Battery, Gateway  
  43  5:23  Shield Battery  
  43  5:32  Void Ray (Chrono Boost)  
  41  5:46  Gateway  
  41  5:57  Pylon  
  41  6:00  Void Ray  
  45  6:15  Zealot  
  47  6:36  Cybernetics Core  
  47  6:37  Void Ray (Chrono Boost)  
  47  6:38  Zealot  
  49  6:42  Zealot  
  55  7:00  Zealot  
  49  7:09  Zealot  
  51  7:23  Zealot  
  37  7:30  Zealot  
Tags
 
Event
TSL 6
Matchup
PvP
Spawn Locations
Cross Positions
Add a new tag
Caveats
  • Supply blocks, unpowered buildings, or Contaminate may cause inaccurate times.
  • Supply counts are checked every 10 seconds.